Heat vs Rampage

Created - Thursday, December 04, 2014 at 20:35

Goals
1 2 3 T
Heat 2 2 1 5
Rampage 0 1 0 1
Shots
1 2 3 T
Heat 4 13 10 27
Rampage 1 12 10 23

1st period

1. Heat , Riley Sheahan 19 (Tomas Fleischmann) at 0:23
2. Heat , Tomas Fleischmann 5 (Riley Sheahan, Frank Corrado) at 14:15 (PP)

Penalties :
Keith Aulie (SAN) for Interference (Minor) at 8:09, Charles-Olivier Roussel (SAN) for Roughing (Minor) at 12:59, Andrey Pedan (SAN) for Cross-checking (Minor) at 15:00

2nd period

3. Rampage , Eric Boulton 10 (Matt D'Agostini) at 6:55
4. Heat , Riley Sheahan 20 (Tomas Fleischmann) at 14:17
5. Heat , Sven Baertschi 19 (Frank Corrado, Devante Smith-Pelly) at 18:43 (PP)

Penalties :
Andrey Pedan (SAN) for Roughing (Minor) at 17:29

3rd period

6. Heat , Riley Sheahan 21 (Nicolas Deslauriers, Tomas Fleischmann) at 7:17

Penalties :
Sven Baertschi (ABB) for Tripping (Minor) at 10:54, Keith Aulie (SAN) for Cross-checking (Minor) at 16:01

Goalie Stats

Eddie Pasquale (ABB), 22 saves from 23 shots - (0.957), W, 17-3-2, 60:00 minutes
Matt Hackett (SAN), 10 saves from 11 shots - (0.909), 21:17 minutes
Mike Murphy (SAN), 12 saves from 16 shots - (0.750), L, 1-10-1, 38:43 minutes

Players Stats for Heat

Player Name              G  A  P  +/- PIM S  H  SB GA TA FO     MP     PP MP  PK MP  
------------------------------------------------------------------------------------
Devante Smith-Pelly      0  1  1   0  0   1  3  0  1  0  0/1    15:59   4:11   0:00 
Filip Forsberg           0  0  0   0  0   3  0  0  0  0  1/4     9:02   0:00   0:00 
Frank Corrado            0  2  2   2  0   0  2  1  1  0  0/0    19:57   3:45   0:58 
Jon Merrill              0  0  0   0  0   1  2  0  0  1  0/0    23:00   4:42   0:00 
Jordan Caron             0  0  0   0  0   0  0  2  0  1  0/0    10:51   0:00   1:49 
Lucas Lessio             0  0  0   0  0   0  0  0  0  0  0/0     9:02   0:00   0:00 
Nicolas Deslauriers      0  1  1   0  0   0  1  2  1  0  0/0    17:03   0:00   1:01 
Nikita Kucherov          0  0  0   0  0   4  0  0  1  0  0/0    13:37   0:00   0:00 
Richard Panik            0  0  0   2  0   2  3  0  4  0  0/0    19:06   4:16   0:00 
Rickard Rakell           0  0  0   0  0   1  1  0  2  0  5/7    15:59   4:11   0:00 
Riley Sheahan            3  1  4   2  0   5  3  0  5  0  9/16   19:33   4:16   0:10 
Sergei Gonchar           0  0  0   2  0   2  2  0  0  1  0/0    22:50   3:45   1:01 
Stuart Percy             0  0  0   0  0   0  2  1  0  3  0/0    17:17   0:00   0:58 
Sven Baertschi           1  0  1   0  2   2  2  1  4  0  0/1    16:15   4:11   0:00 
Taylor Beck              0  0  0   0  0   3  1  1  2  2  0/1    14:04   0:00   0:10 
Tim Erixon               0  0  0   0  0   1  3  1  0  2  0/0    19:53   4:42   0:00 
Tomas Fleischmann        1  3  4   2  0   2  2  1  2  0  0/2    19:06   4:16   0:00 
Victor Rask              0  0  0   0  0   0  1  0  0  0  6/11   15:26   0:00   1:49 

Players Stats for Rampage

Player Name              G  A  P  +/- PIM S  H  SB GA TA FO     MP     PP MP  PK MP  
------------------------------------------------------------------------------------
Adam Almquist            0  0  0  -1  0   3  2  1  0  1  0/0    28:31   0:22   6:54 
Andrey Pedan             0  0  0   0  4   0  2  0  0  2  0/0    23:18   0:38   0:21 
Calle Jarnkrok           0  0  0  -1  0   4  1  0  4  0  10/14  18:28   0:00   0:00 
Charles-Olivier Roussel  0  0  0  -1  2   2  1  0  0  1  0/0    27:46   0:22   2:28 
Eric Boulton             1  0  1   0  0   2  2  0  1  0  4/8    18:45   0:50   4:12 
Jesper Fast              0  0  0   0  0   2  3  0  2  0  1/1    20:57   0:31   1:21 
Joe Diamond              0  0  0   0  0   0  0  0  0  0  0/0     0:00   0:00   0:00 
Johan Sundstrom          0  0  0   0  0   0  0  0  0  0  0/0     0:00   0:00   0:00 
John Persson             0  0  0  -1  0   0  2  0  0  1  0/1    20:09   0:53   5:06 
Keith Aulie              0  0  0  -1  4   2  1  1  0  7  0/0    23:57   0:00   2:22 
Martin Frk               0  0  0   1  0   1  3  1  5  3  0/0    19:24   0:31   0:00 
Matt D'Agostini          0  1  1  -1  0   3  2  4  4  1  3/6    22:09   0:50   2:03 
Matt Puempel             0  0  0  -2  0   0  2  1  2  0  0/0    22:58   0:50   2:43 
Mikael Samuelsson        0  0  0  -1  0   4  1  0  1  0  3/10   19:07   0:38   0:00 
Nick Tuzzolino           0  0  0   0  0   0  0  0  0  0  0/0     2:16   1:21   0:00 
Ryan Potulny             0  0  0  -1  0   0  0  0  0  0  1/3     5:44   0:38   0:56 
Tim Miller               0  0  0   0  0   0  0  1  0  0  0/0     1:30   0:16   0:33 
Will O'Neill             0  0  0  -1  0   0  1  0  0  0  0/0    16:29   1:15   4:49 

3 Stars

1 - Riley Sheahan (ABB)
2 - Tomas Fleischmann (ABB)
3 - Frank Corrado (ABB)

Power Play

Heat - 2 on 5 Attempt(s) - 40.00%
Rampage - 0 on 1 Attempt(s) - 0.00%

Penalty Kill

Heat - 1 on 1 Attempt(s) - 100.00% - Score 0 goal in Penalty Kill
Rampage - 3 on 5 Attempt(s) - 60.00% - Score 0 goal in Penalty Kill

Official

Referees : Unknown
Linesman : Unknown

Game Notes

18:43 of 2nd period - Heat goal is going for a video replay. After video review, Goal.
Matt Hackett enters game at 18:43 of 2nd period
Riley Sheahan has scored a Hat Trick!

Finance

Level 1 -- Attendance: 1614 (80.70%) -- Ticket Income $56,490
Level 2 -- Attendance: 795 (79.50%) -- Ticket Income $11,925
Total Attendance: 2409 (80.30%)
Total Ticket Income: $68,415
Other Income: $33,523
Total Income: $101,938

Heat

5 vs 5 Forward 
   Center                   Left Wing                Right Wing               Time % Phy DF OF 
 1 Riley Sheahan            Tomas Fleischmann        Richard Panik            35     1   2  2  
 2 Rickard Rakell           Sven Baertschi           Devante Smith-Pelly      30     1   2  2  
 3 Victor Rask              Nikita Kucherov          Taylor Beck              22     1   2  2  
 4 Filip Forsberg           Lucas Lessio             Jordan Caron             13     1   2  2  

5 vs 5 Defense 
   Defense                  Defense                                           Time % Phy DF OF 
 1 Sergei Gonchar           Frank Corrado                                     35     1   2  2  
 2 Jon Merrill              Tim Erixon                                        30     1   2  2  
 3 Nicolas Deslauriers      Stuart Percy                                      22     1   2  2  
 4 Sergei Gonchar           Jon Merrill                                       13     1   2  2  

PowerPlay Forward 
   Center                   Left Wing                Right Wing               Time % Phy DF OF 
 1 Riley Sheahan            Tomas Fleischmann        Richard Panik            51     1   2  2  
 2 Rickard Rakell           Sven Baertschi           Devante Smith-Pelly      49     1   2  2  

PowerPlay Defense
   Defense                  Defense                                           Time % Phy DF OF 
 1 Sergei Gonchar           Frank Corrado                                     50     1   2  2  
 2 Jon Merrill              Tim Erixon                                        50     1   2  2  

Penalty Kill 4 Players Forward 
   Center                   Wing                     Time % Phy DF OF 
 1 Victor Rask              Jordan Caron             60     1   2  2  
 2 Riley Sheahan            Taylor Beck              40     1   2  2  

Penalty Kill 4 Players Defense
   Defense                  Defense                  Time % Phy DF OF 
 1 Sergei Gonchar           Nicolas Deslauriers      60     1   2  2  
 2 Stuart Percy             Frank Corrado            40     1   2  2  

Penalty Kill - 3 Players Forward 
   Forward                                           Time % Phy DF OF 
 1 Victor Rask                                       60     1   2  2  
 2 Rickard Rakell                                    40     1   2  2  

Penalty Kill - 3 Players Defense
   Defense                  Defense                  Time % Phy DF OF 
 1 Stuart Percy             Frank Corrado            60     1   2  2  
 2 Jon Merrill              Sergei Gonchar           40     1   2  2  

4 vs 4 Forward 
   Center                   Wing                     Time % Phy DF OF 
 1 Riley Sheahan            Tomas Fleischmann        50     1   2  2  
 2 Rickard Rakell           Devante Smith-Pelly      50     1   2  2  

4 vs 4 Defense
   Defense                  Defense                  Time % Phy DF OF 
 1 Sergei Gonchar           Frank Corrado            50     1   2  2  
 2 Jon Merrill              Tim Erixon               50     1   2  2  

Last Minutes Offensive
   Center                   Left Wing                Right Wing               Defense                  Defense                  
   Riley Sheahan            Tomas Fleischmann        Richard Panik            Sergei Gonchar           Tim Erixon               

Last Minutes Defensive
   Center                   Left Wing                Right Wing               Defense                  Defense                  
   Victor Rask              Jordan Caron             Taylor Beck              Jon Merrill              Frank Corrado            

Goaltenders
Starting : Eddie Pasquale           
Backup : Calvin Pickard           

Extra Forwards
Normal : Sven Baertschi, Taylor Beck, Lucas Lessio - PP : Sven Baertschi, Taylor Beck - PK : Lucas Lessio
Extra Defensemen
Normal : Nicolas Deslauriers, Frank Corrado, Tim Erixon - PP : Frank Corrado - PK : Nicolas Deslauriers, Tim Erixon
Penalty Shots
Tomas Fleischmann, Riley Sheahan, Nikita Kucherov, Richard Panik, Devante Smith-Pelly

Rampage

5 vs 5 Forward 
   Center                   Left Wing                Right Wing               Time % Phy DF OF 
 1 Mikael Samuelsson        Matt Puempel             Matt D'Agostini          35     1   2  2  
 2 Calle Jarnkrok           Jesper Fast              Martin Frk               30     1   2  2  
 3 Matt D'Agostini          Eric Boulton             Jesper Fast              22     1   2  2  
 4 Mikael Samuelsson        John Persson             Matt Puempel             13     1   2  2  

5 vs 5 Defense 
   Defense                  Defense                                           Time % Phy DF OF 
 1 Keith Aulie              Adam Almquist                                     35     1   2  2  
 2 Charles-Olivier Roussel  Andrey Pedan                                      30     1   2  2  
 3 Charles-Olivier Roussel  Adam Almquist                                     22     1   2  2  
 4 Charles-Olivier Roussel  Adam Almquist                                     13     1   2  2  

PowerPlay Forward 
   Center                   Left Wing                Right Wing               Time % Phy DF OF 
 1 Matt D'Agostini          Matt Puempel             Eric Boulton             60     1   2  2  
 2 John Persson             Jesper Fast              Martin Frk               40     1   2  2  

PowerPlay Defense
   Defense                  Defense                                           Time % Phy DF OF 
 1 Andrey Pedan             Adam Almquist                                     60     1   2  2  
 2 Charles-Olivier Roussel  Nick Tuzzolino                                    40     1   2  2  

Penalty Kill 4 Players Forward 
   Center                   Wing                     Time % Phy DF OF 
 1 Eric Boulton             John Persson             60     1   2  2  
 2 Matt Puempel             Jesper Fast              40     1   2  2  

Penalty Kill 4 Players Defense
   Defense                  Defense                  Time % Phy DF OF 
 1 Keith Aulie              Adam Almquist            60     1   2  2  
 2 Charles-Olivier Roussel  Andrey Pedan             40     1   2  2  

Penalty Kill - 3 Players Forward 
   Forward                                           Time % Phy DF OF 
 1 Jesper Fast                                       60     1   2  2  
 2 Matt Puempel                                      40     1   2  2  

Penalty Kill - 3 Players Defense
   Defense                  Defense                  Time % Phy DF OF 
 1 Keith Aulie              Adam Almquist            60     1   2  2  
 2 Charles-Olivier Roussel  Andrey Pedan             40     1   2  2  

4 vs 4 Forward 
   Center                   Wing                     Time % Phy DF OF 
 1 John Persson             Eric Boulton             60     1   2  2  
 2 Matt Puempel             Jesper Fast              40     1   2  2  

4 vs 4 Defense
   Defense                  Defense                  Time % Phy DF OF 
 1 Andrey Pedan             Adam Almquist            60     1   2  2  
 2 Charles-Olivier Roussel  Keith Aulie              40     1   2  2  

Last Minutes Offensive
   Center                   Left Wing                Right Wing               Defense                  Defense                  
   Mikael Samuelsson        Matt Puempel             Matt D'Agostini          Keith Aulie              Adam Almquist            

Last Minutes Defensive
   Center                   Left Wing                Right Wing               Defense                  Defense                  
   Mikael Samuelsson        Matt Puempel             Matt D'Agostini          Keith Aulie              Adam Almquist            

Goaltenders
Starting : Mike Murphy              
Backup : Matt Hackett             

Extra Forwards
Normal : Eric Boulton, John Persson, Matt Puempel - PP : Eric Boulton, John Persson - PK : Matt Puempel
Extra Defensemen
Normal : Charles-Olivier Roussel, Andrey Pedan, Adam Almquist - PP : Adam Almquist - PK : Charles-Olivier Roussel, Adam Almquist
Penalty Shots
John Persson, Mikael Samuelsson, Matt Puempel, Jesper Fast, Eric Boulton

% Time on Ice - Heat

Lines # - Real PCT - Wanted PCT - Time Play
Normal Forward
1 - 30% - 35% - 14:50
2 - 24% - 30% - 12:05
3 - 27% - 22% - 13:37
4 - 18% - 13% - 9:02
Normal Defense
1 - 30% - 35% - 14:57
2 - 31% - 30% - 15:28
3 - 32% - 22% - 16:02
4 - 6% - 13% - 3:07
PP Forward
1 - 50% - 51% - 4:16
2 - 50% - 49% - 4:11
PP Defense
1 - 44% - 50% - 3:45
2 - 56% - 50% - 4:42
PK Forward
1 - 92% - 60% - 1:49
2 - 8% - 40% - 0:10
PK Defense
1 - 51% - 60% - 1:01
2 - 49% - 40% - 0:58
PK3 Forward
1 - 0% - 60%
2 - 0% - 40%
PK3 Defense
1 - 0% - 60%
2 - 0% - 40%
44 Forward
1 - 0% - 50%
2 - 0% - 50%
44 Defense
1 - 0% - 50%
2 - 0% - 50%
Last Minute Offensive  - 0:00
Last Minute Defensive  - 0:00
Total
Forward - 60:00
Defense - 60:00

% Time on Ice - Rampage

Lines # - Real PCT - Wanted PCT - Time Play
Normal Forward
1 - 22% - 35% - 10:46
2 - 39% - 30% - 19:11
3 - 18% - 22% - 8:59
4 - 21% - 13% - 10:38
Normal Defense
1 - 41% - 35% - 20:13
2 - 43% - 30% - 21:28
3 - 13% - 22% - 6:19
4 - 3% - 13% - 1:34
PP Forward
1 - 74% - 60% - 1:28
2 - 26% - 40% - 0:31
PP Defense
1 - 32% - 60% - 0:38
2 - 68% - 40% - 1:21
PK Forward
1 - 82% - 60% - 6:56
2 - 18% - 40% - 1:31
PK Defense
1 - 58% - 60% - 4:53
2 - 42% - 40% - 3:34
PK3 Forward
1 - 0% - 60%
2 - 0% - 40%
PK3 Defense
1 - 0% - 60%
2 - 0% - 40%
44 Forward
1 - 0% - 60%
2 - 0% - 40%
44 Defense
1 - 0% - 60%
2 - 0% - 40%
Last Minute Offensive  - 0:00
Last Minute Defensive  - 0:00
Total
Forward - 60:00
Defense - 60:00

Play by Play

1st period


0:01 of 1st period - Matt D'Agostini wins face-off versus Riley Sheahan in neutral zone.
0:23 of 1st period - Wrist shot by Riley Sheahan.
0:23 of 1st period - Goal by Riley Sheahan - Heat : 1 - Rampage : 0.
0:24 of 1st period - Calle Jarnkrok wins face-off versus Sven Baertschi in neutral zone.
1:15 of 1st period - Snap shot by Mikael Samuelsson.
1:15 of 1st period - Shot Blocked by Tim Erixon.
1:17 of 1st period - Slapshot by Keith Aulie.
1:17 of 1st period - Shot Misses the Net.
2:41 of 1st period - Tomas Fleischmann is hit by Martin Frk and loses puck.
2:58 of 1st period - Calle Jarnkrok is hit by Tomas Fleischmann and loses puck.
3:29 of 1st period - Stuart Percy is hit by Charles-Olivier Roussel and loses puck.
3:38 of 1st period - Keith Aulie is hit by Stuart Percy and loses puck.
4:10 of 1st period - Snap shot by Mikael Samuelsson.
4:10 of 1st period - Stopped by Eddie Pasquale without a rebound.
4:11 of 1st period - Victor Rask wins face-off versus Eric Boulton in Heat zone.
4:22 of 1st period - Sergei Gonchar is hit by Eric Boulton and loses puck.
5:52 of 1st period - Snap shot by Eric Boulton.
5:52 of 1st period - Shot Misses the Net.
5:59 of 1st period - Icing by Tim Erixon.
6:00 of 1st period - Rickard Rakell wins face-off versus Ryan Potulny in Heat zone.
6:17 of 1st period - Wrist shot by Filip Forsberg.
6:17 of 1st period - Stopped by Mike Murphy without a rebound.
6:18 of 1st period - Matt D'Agostini wins face-off versus Filip Forsberg in Rampage zone.
6:25 of 1st period - Nicolas Deslauriers is hit by Matt D'Agostini and loses puck.
7:06 of 1st period - Richard Panik is hit by Keith Aulie and loses puck.
7:13 of 1st period - Will O'Neill is hit by Stuart Percy.
7:17 of 1st period - Will O'Neill is hit by Richard Panik and loses puck.
7:26 of 1st period - Wrist shot by Richard Panik.
7:26 of 1st period - Deflect By Will O'Neill.
7:26 of 1st period - Shot Blocked by Keith Aulie.
7:26 of 1st period - Puck is out of play.
7:27 of 1st period - Victor Rask wins face-off versus Mikael Samuelsson in Rampage zone.
7:56 of 1st period - Wrist shot by Nikita Kucherov.
7:56 of 1st period - Stopped by Mike Murphy with a rebound.
7:58 of 1st period - Slapshot by Frank Corrado.
7:58 of 1st period - Shot Blocked by Matt Puempel.
8:04 of 1st period - Slapshot by Sergei Gonchar.
8:04 of 1st period - Deflect By Nikita Kucherov.
8:04 of 1st period - Shot Blocked by Matt D'Agostini.
8:04 of 1st period - Puck is out of play.
8:05 of 1st period - Rickard Rakell wins face-off versus Ryan Potulny in Rampage zone.
8:09 of 1st period - Minor Penalty to Keith Aulie for Interference.
8:10 of 1st period - Eric Boulton wins face-off versus Riley Sheahan in Rampage zone.
8:28 of 1st period - Adam Almquist is hit by Tim Erixon and loses puck.
9:49 of 1st period - Jesper Fast is hit by Richard Panik and loses puck.
10:09 of 1st period - Penalty to Keith Aulie is over, Keith Aulie is back on ice.
10:14 of 1st period - Adam Almquist is hit by Tim Erixon and loses puck.
10:34 of 1st period - Icing by Adam Almquist.
10:35 of 1st period - Jesper Fast wins face-off versus Victor Rask in Rampage zone.
12:21 of 1st period - Wrist shot by Mikael Samuelsson.
12:21 of 1st period - Shot Blocked by Nicolas Deslauriers.
12:26 of 1st period - Off-side.
12:27 of 1st period - Riley Sheahan wins face-off versus Mikael Samuelsson in neutral zone.
12:59 of 1st period - Minor Penalty to Charles-Olivier Roussel for Roughing.
13:00 of 1st period - Eric Boulton wins face-off versus Devante Smith-Pelly in Rampage zone.
13:57 of 1st period - Jon Merrill is hit by Adam Almquist and loses puck.
14:04 of 1st period - Matt Puempel is hit by Tomas Fleischmann and loses puck.
14:13 of 1st period - Wrist shot by Riley Sheahan.
14:13 of 1st period - Shot Misses the Net.
14:15 of 1st period - Wrist shot by Tomas Fleischmann.
14:15 of 1st period - Goal by Tomas Fleischmann - Heat : 2 - Rampage : 0.
14:16 of 1st period - Calle Jarnkrok wins face-off versus Victor Rask in neutral zone.
14:46 of 1st period - Slapshot by Sergei Gonchar.
14:46 of 1st period - Shot Misses the Net.
14:48 of 1st period - Backhand shot by Taylor Beck.
14:48 of 1st period - Shot Blocked by Martin Frk.
15:00 of 1st period - Minor Penalty to Andrey Pedan for Cross-checking.
15:01 of 1st period - Riley Sheahan wins face-off versus Eric Boulton in Rampage zone.
15:08 of 1st period - Snap shot by Riley Sheahan.
15:08 of 1st period - Shot Misses the Net.
16:05 of 1st period - John Persson is hit by Tim Erixon and loses puck.
16:34 of 1st period - Keith Aulie is hit by Sergei Gonchar and loses puck.
17:00 of 1st period - Penalty to Andrey Pedan is over, Andrey Pedan is back on ice.
17:05 of 1st period - Matt D'Agostini is hit by Devante Smith-Pelly and loses puck.
17:20 of 1st period - Taylor Beck is hit by Matt Puempel and loses puck.
17:31 of 1st period - Wrist shot by Nicolas Deslauriers.
17:31 of 1st period - Shot Misses the Net.
17:59 of 1st period - Jordan Caron is hit by Matt D'Agostini and loses puck.
18:42 of 1st period - Matt D'Agostini is hit by Nicolas Deslauriers and loses puck.
19:27 of 1st period - Taylor Beck is hit by Adam Almquist and loses puck.
19:50 of 1st period - Jon Merrill is hit by Will O'Neill and loses puck.
Goals for this period are 2 for Heat vs 0 for Rampage.
Shots for this period are 4 for Heat vs 1 for Rampage.

2nd period


0:01 of 2nd period - Riley Sheahan wins face-off versus Matt D'Agostini in neutral zone.
1:01 of 2nd period - Jon Merrill is hit by Mikael Samuelsson and loses puck.
1:06 of 2nd period - Snap shot by Mikael Samuelsson.
1:06 of 2nd period - Stopped by Eddie Pasquale with a rebound.
1:08 of 2nd period - Backhand shot by Adam Almquist.
1:08 of 2nd period - Stopped by Eddie Pasquale without a rebound.
1:09 of 2nd period - Calle Jarnkrok wins face-off versus Victor Rask in Heat zone.
1:18 of 2nd period - Calle Jarnkrok is hit by Taylor Beck.
1:24 of 2nd period - Jon Merrill is hit by Calle Jarnkrok and loses puck.
1:31 of 2nd period - Snap shot by Calle Jarnkrok.
1:31 of 2nd period - Stopped by Eddie Pasquale with a rebound.
1:59 of 2nd period - Icing by Matt Puempel.
2:00 of 2nd period - Rickard Rakell wins face-off versus Mikael Samuelsson in Rampage zone.
2:11 of 2nd period - Snap shot by Matt Puempel.
2:11 of 2nd period - Shot Misses the Net.
2:13 of 2nd period - Slapshot by Keith Aulie.
2:13 of 2nd period - Stopped by Eddie Pasquale with a rebound.
2:31 of 2nd period - Wrist shot by Matt D'Agostini.
2:31 of 2nd period - Deflect By Sergei Gonchar.
2:31 of 2nd period - Stopped by Eddie Pasquale with a rebound.
2:33 of 2nd period - Snap shot by Matt D'Agostini.
2:33 of 2nd period - Stopped by Eddie Pasquale with a rebound.
2:53 of 2nd period - Frank Corrado is hit by Jesper Fast and loses puck.
3:06 of 2nd period - Calle Jarnkrok is hit by Riley Sheahan and loses puck.
3:15 of 2nd period - Icing by Tomas Fleischmann.
3:16 of 2nd period - Calle Jarnkrok wins face-off versus Riley Sheahan in Heat zone.
3:29 of 2nd period - Matt Puempel is hit by Richard Panik.
3:33 of 2nd period - Matt D'Agostini is hit by Riley Sheahan and loses puck.
3:40 of 2nd period - Matt D'Agostini is hit by Riley Sheahan and loses puck.
4:03 of 2nd period - Filip Forsberg is hit by Matt Puempel and loses puck.
4:24 of 2nd period - Slapshot by Jesper Fast.
4:24 of 2nd period - Shot Blocked by Jordan Caron.
5:03 of 2nd period - Icing by Stuart Percy.
5:04 of 2nd period - Calle Jarnkrok wins face-off versus Victor Rask in Heat zone.
6:11 of 2nd period - Martin Frk is hit by Rickard Rakell and loses puck.
6:24 of 2nd period - Richard Panik is hit by John Persson and loses puck.
6:31 of 2nd period - Snap shot by Mikael Samuelsson.
6:31 of 2nd period - Stopped by Eddie Pasquale with a rebound.
6:33 of 2nd period - Slapshot by Charles-Olivier Roussel.
6:33 of 2nd period - Stopped by Eddie Pasquale with a rebound.
6:53 of 2nd period - Slapshot by Matt D'Agostini.
6:53 of 2nd period - Shot Misses the Net.
6:55 of 2nd period - Snap shot by Eric Boulton.
6:55 of 2nd period - Goal by Eric Boulton - Heat : 2 - Rampage : 1.
6:56 of 2nd period - Matt D'Agostini wins face-off versus Taylor Beck in neutral zone.
7:29 of 2nd period - Snap shot by Nikita Kucherov.
7:29 of 2nd period - Stopped by Mike Murphy without a rebound.
7:30 of 2nd period - Rickard Rakell wins face-off versus Mikael Samuelsson in Rampage zone.
7:53 of 2nd period - Slapshot by Sven Baertschi.
7:53 of 2nd period - Shot Misses the Net.
7:57 of 2nd period - Snap shot by Rickard Rakell.
7:57 of 2nd period - Shot Misses the Net.
7:59 of 2nd period - Wrist shot by Devante Smith-Pelly.
7:59 of 2nd period - Stopped by Mike Murphy with a rebound.
8:16 of 2nd period - Icing by Rickard Rakell.
8:17 of 2nd period - Calle Jarnkrok wins face-off versus Tomas Fleischmann in Heat zone.
8:52 of 2nd period - Tomas Fleischmann is hit by Andrey Pedan and loses puck.
10:36 of 2nd period - Wrist shot by Martin Frk.
10:36 of 2nd period - Shot Misses the Net.
10:54 of 2nd period - John Persson is hit by Victor Rask and loses puck.
11:25 of 2nd period - Rickard Rakell is hit by Jesper Fast and loses puck.
11:32 of 2nd period - Calle Jarnkrok is hit by Sven Baertschi and loses puck.
11:57 of 2nd period - Slapshot by Tomas Fleischmann.
11:57 of 2nd period - Shot Misses the Net.
12:25 of 2nd period - Martin Frk is hit by Jon Merrill and loses puck.
12:45 of 2nd period - Off-side.
12:46 of 2nd period - Mikael Samuelsson wins face-off versus Filip Forsberg in neutral zone.
13:05 of 2nd period - Slapshot by Sergei Gonchar.
13:05 of 2nd period - Shot Blocked by Matt D'Agostini.
13:32 of 2nd period - Snap shot by Sven Baertschi.
13:32 of 2nd period - Stopped by Mike Murphy without a rebound.
13:33 of 2nd period - Eric Boulton wins face-off versus Rickard Rakell in Rampage zone.
14:13 of 2nd period - Snap shot by Richard Panik.
14:13 of 2nd period - Stopped by Mike Murphy without a rebound.
14:14 of 2nd period - Riley Sheahan wins face-off versus Eric Boulton in Rampage zone.
14:17 of 2nd period - Snap shot by Riley Sheahan.
14:17 of 2nd period - Goal by Riley Sheahan - Heat : 3 - Rampage : 1.
14:18 of 2nd period - Mikael Samuelsson wins face-off versus Riley Sheahan in neutral zone.
14:45 of 2nd period - Snap shot by Tomas Fleischmann.
14:45 of 2nd period - Stopped by Mike Murphy with a rebound.
14:47 of 2nd period - Slapshot by Sergei Gonchar.
14:47 of 2nd period - Stopped by Mike Murphy with a rebound.
14:49 of 2nd period - Slapshot by Sergei Gonchar.
14:49 of 2nd period - Stopped by Mike Murphy with a rebound.
16:11 of 2nd period - Wrist shot by Taylor Beck.
16:11 of 2nd period - Stopped by Mike Murphy with a rebound.
16:13 of 2nd period - Snap shot by Taylor Beck.
16:13 of 2nd period - Stopped by Mike Murphy with a rebound.
16:15 of 2nd period - Slapshot by Stuart Percy.
16:15 of 2nd period - Shot Blocked by Matt D'Agostini.
16:17 of 2nd period - Slapshot by Victor Rask.
16:17 of 2nd period - Shot Misses the Net.
16:49 of 2nd period - Snap shot by Filip Forsberg.
16:49 of 2nd period - Stopped by Mike Murphy with a rebound.
17:14 of 2nd period - Wrist shot by Matt Puempel.
17:14 of 2nd period - Shot Blocked by Frank Corrado.
17:16 of 2nd period - Slapshot by Adam Almquist.
17:16 of 2nd period - Stopped by Eddie Pasquale without a rebound.
17:17 of 2nd period - Riley Sheahan wins face-off versus John Persson in Heat zone.
17:17 of 2nd period - Riley Sheahan is hit by Andrey Pedan.
17:29 of 2nd period - Minor Penalty to Andrey Pedan for Roughing.
17:30 of 2nd period - Eric Boulton wins face-off versus Tomas Fleischmann in Rampage zone.
18:39 of 2nd period - Wrist shot by Devante Smith-Pelly.
18:39 of 2nd period - Shot Blocked by Adam Almquist.
18:41 of 2nd period - Slapshot by Frank Corrado.
18:41 of 2nd period - Shot Blocked by Tim Miller.
18:43 of 2nd period - Backhand shot by Sven Baertschi.
18:43 of 2nd period - Heat goal is going for a video replay.
18:43 of 2nd period - The goal is good.
18:43 of 2nd period - Goal by Sven Baertschi - Heat : 4 - Rampage : 1.
18:43 of 2nd period - Matt Hackett enters game.
18:44 of 2nd period - Victor Rask wins face-off versus Calle Jarnkrok in neutral zone.
18:51 of 2nd period - Slapshot by Taylor Beck.
18:51 of 2nd period - Stopped by Matt Hackett with a rebound.
18:59 of 2nd period - Wrist shot by Martin Frk.
18:59 of 2nd period - Stopped by Eddie Pasquale with a rebound.
19:01 of 2nd period - Wrist shot by Jesper Fast.
19:01 of 2nd period - Stopped by Eddie Pasquale without a rebound.
19:02 of 2nd period - Victor Rask wins face-off versus Calle Jarnkrok in Heat zone.
19:02 of 2nd period - Victor Rask is hit by Martin Frk.
19:07 of 2nd period - Off-side.
19:08 of 2nd period - Riley Sheahan wins face-off versus Mikael Samuelsson in neutral zone.
19:20 of 2nd period - Off-side.
19:21 of 2nd period - Riley Sheahan wins face-off versus Mikael Samuelsson in neutral zone.
Goals for this period are 2 for Heat vs 1 for Rampage.
Shots for this period are 13 for Heat vs 12 for Rampage.

3rd period


0:01 of 3rd period - Mikael Samuelsson wins face-off versus Riley Sheahan in neutral zone.
0:57 of 3rd period - Snap shot by Calle Jarnkrok.
0:57 of 3rd period - Shot Misses the Net.
1:14 of 3rd period - Wrist shot by Andrey Pedan.
1:14 of 3rd period - Shot Blocked by Sven Baertschi.
1:20 of 3rd period - Martin Frk is hit by Sven Baertschi and loses puck.
1:34 of 3rd period - Off-side.
1:35 of 3rd period - Victor Rask wins face-off versus Mikael Samuelsson in neutral zone.
1:48 of 3rd period - Wrist shot by Nikita Kucherov.
1:48 of 3rd period - Stopped by Matt Hackett with a rebound.
2:47 of 3rd period - Snap shot by Richard Panik.
2:47 of 3rd period - Shot Misses the Net.
3:09 of 3rd period - Backhand shot by Matt D'Agostini.
3:09 of 3rd period - Shot Misses the Net.
3:11 of 3rd period - Snap shot by Eric Boulton.
3:11 of 3rd period - Shot Blocked by Jordan Caron.
3:13 of 3rd period - Wrist shot by Matt D'Agostini.
3:13 of 3rd period - Shot Blocked by Nicolas Deslauriers.
3:15 of 3rd period - Snap shot by Eric Boulton.
3:15 of 3rd period - Stopped by Eddie Pasquale with a rebound.
3:17 of 3rd period - Snap shot by Eric Boulton.
3:17 of 3rd period - Shot Misses the Net.
3:19 of 3rd period - Wrist shot by Matt D'Agostini.
3:19 of 3rd period - Stopped by Eddie Pasquale with a rebound.
3:21 of 3rd period - Snap shot by Jesper Fast.
3:21 of 3rd period - Shot Misses the Net.
3:23 of 3rd period - Backhand shot by Eric Boulton.
3:23 of 3rd period - Shot Blocked by Stuart Percy.
3:25 of 3rd period - Slapshot by Charles-Olivier Roussel.
3:25 of 3rd period - Stopped by Eddie Pasquale with a rebound.
4:06 of 3rd period - Rickard Rakell is hit by Jesper Fast and loses puck.
4:27 of 3rd period - Eric Boulton is hit by Jon Merrill and loses puck.
5:14 of 3rd period - Wrist shot by Tomas Fleischmann.
5:14 of 3rd period - Shot Hit the Post.
5:16 of 3rd period - Snap shot by Richard Panik.
5:16 of 3rd period - Stopped by Matt Hackett with a rebound.
5:18 of 3rd period - Snap shot by Tomas Fleischmann.
5:18 of 3rd period - Shot Misses the Net.
5:20 of 3rd period - Slapshot by Tomas Fleischmann.
5:20 of 3rd period - Shot Hit the Post.
6:28 of 3rd period - Snap shot by Rickard Rakell.
6:28 of 3rd period - Stopped by Matt Hackett without a rebound.
6:29 of 3rd period - Calle Jarnkrok wins face-off versus Victor Rask in Rampage zone.
7:17 of 3rd period - Snap shot by Nicolas Deslauriers.
7:17 of 3rd period - Deflect By Riley Sheahan.
7:17 of 3rd period - Goal by Riley Sheahan - Heat : 5 - Rampage : 1.
7:18 of 3rd period - Calle Jarnkrok wins face-off versus Riley Sheahan in neutral zone.
7:29 of 3rd period - Wrist shot by Jesper Fast.
7:29 of 3rd period - Stopped by Eddie Pasquale with a rebound.
7:31 of 3rd period - Slapshot by Adam Almquist.
7:31 of 3rd period - Stopped by Eddie Pasquale without a rebound.
7:32 of 3rd period - Riley Sheahan wins face-off versus Calle Jarnkrok in Heat zone.
8:27 of 3rd period - Ryan Potulny is hit by Frank Corrado.
9:12 of 3rd period - Snap shot by Nikita Kucherov.
9:12 of 3rd period - Stopped by Matt Hackett with a rebound.
9:54 of 3rd period - Wrist shot by Filip Forsberg.
9:54 of 3rd period - Stopped by Matt Hackett with a rebound.
9:56 of 3rd period - Slapshot by Jon Merrill.
9:56 of 3rd period - Stopped by Matt Hackett without a rebound.
9:57 of 3rd period - Ryan Potulny wins face-off versus Riley Sheahan in Rampage zone.
10:42 of 3rd period - Frank Corrado is hit by John Persson and loses puck.
10:54 of 3rd period - Minor Penalty to Sven Baertschi for Tripping.
10:55 of 3rd period - Victor Rask wins face-off versus Matt D'Agostini in Heat zone.
11:18 of 3rd period - Frank Corrado is hit by Eric Boulton and loses puck.
12:12 of 3rd period - Snap shot by Eric Boulton.
12:12 of 3rd period - Shot Misses the Net.
12:54 of 3rd period - Penalty to Sven Baertschi is over, Sven Baertschi is back on ice.
13:06 of 3rd period - Snap shot by Calle Jarnkrok.
13:06 of 3rd period - Shot Blocked by Taylor Beck.
13:08 of 3rd period - Snap shot by Keith Aulie.
13:08 of 3rd period - Stopped by Eddie Pasquale with a rebound.
13:10 of 3rd period - Backhand shot by Calle Jarnkrok.
13:10 of 3rd period - Stopped by Eddie Pasquale without a rebound.
13:11 of 3rd period - Calle Jarnkrok wins face-off versus Rickard Rakell in Heat zone.
13:34 of 3rd period - Adam Almquist is hit by Devante Smith-Pelly.
14:16 of 3rd period - Slapshot by Keith Aulie.
14:16 of 3rd period - Shot Misses the Net.
14:18 of 3rd period - Snap shot by Mikael Samuelsson.
14:18 of 3rd period - Stopped by Eddie Pasquale with a rebound.
15:20 of 3rd period - Slapshot by Calle Jarnkrok.
15:20 of 3rd period - Stopped by Eddie Pasquale with a rebound.
15:40 of 3rd period - Keith Aulie is hit by Devante Smith-Pelly and loses puck.
16:01 of 3rd period - Minor Penalty to Keith Aulie for Cross-checking.
16:02 of 3rd period - Riley Sheahan wins face-off versus Matt D'Agostini in Rampage zone.
16:13 of 3rd period - Wrist shot by Tomas Fleischmann.
16:13 of 3rd period - Shot Misses the Net.
16:15 of 3rd period - Snap shot by Riley Sheahan.
16:15 of 3rd period - Stopped by Matt Hackett with a rebound.
16:17 of 3rd period - Slapshot by Tim Erixon.
16:17 of 3rd period - Stopped by Matt Hackett with a rebound.
16:25 of 3rd period - Snap shot by Riley Sheahan.
16:25 of 3rd period - Stopped by Matt Hackett without a rebound.
16:26 of 3rd period - Rickard Rakell wins face-off versus Eric Boulton in Rampage zone.
16:27 of 3rd period - Wrist shot by Sven Baertschi.
16:27 of 3rd period - Shot Blocked by Matt D'Agostini.
16:59 of 3rd period - Adam Almquist is hit by Sergei Gonchar.
17:26 of 3rd period - Will O'Neill is hit by Frank Corrado.
17:57 of 3rd period - Snap shot by Tomas Fleischmann.
17:57 of 3rd period - Shot Misses the Net.
18:01 of 3rd period - Penalty to Keith Aulie is over, Keith Aulie is back on ice.
18:11 of 3rd period - Wrist shot by Riley Sheahan.
18:11 of 3rd period - Deflect By Tomas Fleischmann.
18:11 of 3rd period - Shot Misses the Net.
18:11 of 3rd period - Puck is out of play.
18:12 of 3rd period - Filip Forsberg wins face-off versus Calle Jarnkrok in Rampage zone.
18:23 of 3rd period - Snap shot by Calle Jarnkrok.
18:23 of 3rd period - Stopped by Eddie Pasquale without a rebound.
18:24 of 3rd period - Calle Jarnkrok wins face-off versus Filip Forsberg in Heat zone.
18:33 of 3rd period - Filip Forsberg is hit by Martin Frk and loses puck.
19:44 of 3rd period - Wrist shot by Keith Aulie.
19:44 of 3rd period - Shot Blocked by Tomas Fleischmann.
19:46 of 3rd period - Slapshot by Martin Frk.
19:46 of 3rd period - Shot Misses the Net.
Goals for this period are 1 for Heat vs 0 for Rampage.
Shots for this period are 10 for Heat vs 10 for Rampage.


Output by the SimonT Hockey Simulator (STHS) for Eric Dolegowski -- Original Page W3C XHTML 1.0 Valid
Hockey Simulator - Hockey Simulation - Hockey Manager